WCHLSIM.com - West Coast Hockey League
html PUBLIC "-//W3C//DTD XHTML 1.0 Transitional//EN" "http://www.w3.org/TR/xhtml1/DTD/xhtml1-transitional.dtd"> WCHL - Game 441 - LONG BEACH BARACUDAS vs UTAH ICE BEARS

LONG BEACH BARACUDAS vs UTAH ICE BEARS

Created - 15 janvier 2021 at 23:15

Goals
1 2 3 OT1 SO T
LONG BEACH BARACUDAS 1 0 1 0 1 3
UTAH ICE BEARS 2 0 0 0 0 2
Shots
1 2 3 OT1 SO T
LONG BEACH BARACUDAS 16 8 14 6 3 44
UTAH ICE BEARS 11 5 8 4 3 28

1st period

1. UTAH ICE BEARS , Artem Anisimov 3 (Radim Simek 4) at 12:48
2. UTAH ICE BEARS , T.J. Brodie 3 (Alexander Edler 12, Nicholas Paul 6) at 13:54 (PP)
3. LONG BEACH BARACUDAS , Kyle Palmieri 20 (Taylor Hall 25, Brock Nelson 22) at 13:58

Penalties :
Boris Katchouk (LOB) for Hooking (Minor) at 12:57, Radim Simek (UTA) for Tripping (Minor) at 18:33

2nd period

No Goal

Penalties :
Zachary Sanford (UTA) for Hooking (Minor) at 6:10, Alexander Edler (UTA) for Goalie Interference (Minor) at 6:56, T.J. Brodie (UTA) for High sticking (Minor) at 17:50

3rd period

4. LONG BEACH BARACUDAS , Reyley Smith 12 (Steven Stamkos 17, Derek Stepan 20) at 7:37

Penalties :
Nicholas Paul (UTA) for Tripping (Minor) at 11:04, MacKenzie Weegar (UTA) for Holding (Minor) at 15:24

Overtime #1

No Goal

Penalties :
No Penalty

Shootout

LONG BEACH BARACUDAS, Steven Stamkos - Stopped by Thatcher Demko
UTAH ICE BEARS, Artem Anisimov - Stopped by Jonathan Quick
LONG BEACH BARACUDAS, Taylor Hall - Shot Misses the Net
UTAH ICE BEARS, Nicholas Paul - Stopped by Jonathan Quick
LONG BEACH BARACUDAS, Brock Nelson - Goal!
UTAH ICE BEARS, Kyle Okposo - Stopped by Jonathan Quick

Penalties :
No Penalty

Goalie Stats

Jonathan Quick (LOB), 26 saves from 28 shots - (0,929), W, 16-6-1, 65:00 minutes
Thatcher Demko (UTA), 42 saves from 44 shots - (0,955), OTL, 0-9-2, 65:00 minutes

Players Stats for LONG BEACH BARACUDAS

Player Name              G  A  P  +/- PIM S  H  SB GA TA FO     MP     PP MP  PK MP  
------------------------------------------------------------------------------------
Alex Pietrangelo         0  0  0   2  0   3  1  1  0  0  0/0    25:54   0:06   0:00 
Ben Hutton               0  0  0  -1  0   1  1  0  0  0  0/0    21:21   5:48   0:39 
Boris Katchouk           0  0  0   0  2   0  3  0  0  0  0/0     8:16   0:00   0:00 
Brad Richardson          0  0  0   0  0   0  0  0  0  0  3/7     8:17   0:00   0:00 
Brandon Montour          0  0  0  -1  0   0  1  1  0  0  0/0    23:41   5:48   0:00 
Brock Nelson             0  1  1   0  0   4  1  0  0  0  15/28  24:42   5:29   0:00 
Derek Stepan             0  1  1   1  0   5  0  0  0  0  11/24  16:16   0:00   0:57 
J.T. Compher             0  0  0   0  0   2  0  0  0  0  0/0     8:26   0:00   0:00 
Jordie Benn              0  0  0   0  0   0  1  0  0  0  0/0    17:31   4:47   0:18 
Kyle Palmieri            1  0  1   0  0   7  1  1  0  0  0/1    23:31   5:12   0:00 
Loui Eriksson            0  0  0   0  0   0  0  0  0  0  0/0     8:17   0:00   0:00 
Michael Del Zotto        0  0  0   0  0   0  2  2  0  0  0/0    13:11   0:06   0:39 
Mikael Granlund          0  0  0   0  0   1  0  0  0  0  1/3    13:55   5:29   0:00 
Pierre-Edouard Bellemare 0  0  0   0  0   0  1  0  0  0  8/11    8:26   0:00   0:00 
Reyley Smith             1  0  1   1  0   7  2  0  0  0  0/1    21:45   5:29   0:57 
Ron Hainsey              0  0  0   2  0   1  0  3  0  0  0/0    23:22   4:47   0:18 
Steven Stamkos           0  1  1   1  0   9  2  0  0  0  7/18   22:39   5:12   0:00 
Taylor Hall              0  1  1   0  0   4  0  0  0  0  0/0    24:32   5:12   0:00 

Players Stats for UTAH ICE BEARS

Player Name              G  A  P  +/- PIM S  H  SB GA TA FO     MP     PP MP  PK MP  
------------------------------------------------------------------------------------
Alex Galchenyuk          0  0  0  -2  0   3  3  0  0  0  13/26  15:18   0:10   0:10 
Alexander Edler          0  1  1   0  2   3  2  2  0  0  0/0    28:11   0:57   4:18 
Andrew Mangiapane        0  0  0  -2  0   4  0  0  0  0  0/3    19:53   0:10   3:09 
Artem Anisimov           1  0  1   1  0   4  0  2  0  0  20/34  28:40   0:47   6:19 
Blake Lizotte            0  0  0   0  0   3  2  0  0  0  5/13   15:00   0:00   0:00 
Erik Gudbranson          0  0  0  -1  0   0  4  2  0  0  0/0    20:55   0:00   5:25 
Jakub Lauko              0  0  0   0  0   0  0  0  0  0  0/0     0:00   0:00   0:00 
Kyle Okposo              0  0  0   0  0   3  0  0  0  0  6/8    20:02   0:47   3:09 
MacKenzie Weegar         0  0  0  -1  2   0  3  3  0  0  0/0    20:33   0:00   5:04 
Nathan Walker            0  0  0   1  0   0  1  0  0  0  0/0     4:22   0:00   0:00 
Nicholas Paul            0  1  1   0  2   0  5  0  0  0  1/1    22:27   0:47   4:29 
Radim Simek              0  1  1   0  2   0  2  0  0  0  0/0    12:59   0:00   0:14 
Robert Lantosi           0  0  0   0  0   0  0  0  0  0  0/1    15:00   0:00   0:00 
Ross Colton              0  0  0   1  0   0  0  0  0  0  3/7     7:15   0:00   2:53 
T.J. Brodie              1  0  1   0  2   2  0  0  0  0  0/0    27:16   0:57   4:04 
Troy Stecher             0  0  0   0  0   2  0  0  0  0  0/0    15:02   0:00   2:16 
Valentin Zykov           0  0  0   0  0   1  1  0  0  0  0/0    15:00   0:00   0:00 
Zachary Sanford          0  0  0  -2  2   3  2  0  0  0  0/0    15:07   0:10   0:00 

3 Stars

1 - Thatcher Demko (UTA)
2 - Reyley Smith (LOB)
3 - Kyle Palmieri (LOB)

Power Play

LONG BEACH BARACUDAS - 0 on 6 Attempt(s) - 0,00%
UTAH ICE BEARS - 1 on 1 Attempt(s) - 100,00%

Penalty Kill

LONG BEACH BARACUDAS - 0 on 1 Attempt(s) - 0,00% - Score 0 goal in Penalty Kill
UTAH ICE BEARS - 6 on 6 Attempt(s) - 100,00% - Score 0 goal in Penalty Kill

Team Stat

LONG BEACH BARACUDAS - Hits : 16 - Faceoff Wins : 45 - Blocked Shots : 8 - Penalty Minutes : 2
UTAH ICE BEARS - Hits : 25 - Faceoff Wins : 48 - Blocked Shots : 9 - Penalty Minutes : 12

Official

Referees : Eric Furlatt and Jon McIsaac
Linesman : Greg Devorski and Mark Shewchyk

Game Notes

No Game Note

Finance

Level 1 -- Attendance: 7750 (100,00%) -- Ticket Income 875 750 $
Level 2 -- Attendance: 5750 (100,00%) -- Ticket Income 442 750 $
Level 3 -- Attendance: 2500 (100,00%) -- Ticket Income 140 000 $
Level 4 -- Attendance: 5000 (100,00%) -- Ticket Income 180 000 $
Luxury Box -- Attendance: 1000 (100,00%) -- Ticket Income 225 000 $
Total Attendance: 22000 (100,00%)
Total Ticket Income: 1 863 500 $
Other Expense: 18 635 $
Total Income: 1 844 865 $

LONG BEACH BARACUDAS

5 vs 5 Forward 
   Center                   Left Wing                Right Wing               Time % Phy DF OF 
 1 Brock Nelson             Taylor Hall              Kyle Palmieri            37     0   2  3  
 2 Derek Stepan             Reyley Smith             Steven Stamkos           33     0   2  3  
 3 Pierre-Edouard Bellemare J.T. Compher             Mikael Granlund          20     0   3  2  
 4 Brad Richardson          Boris Katchouk           Loui Eriksson            10     0   3  2  

5 vs 5 Defense 
   Defense                  Defense                                           Time % Phy DF OF 
 1 Alex Pietrangelo         Ron Hainsey                                       40     0   3  2  
 2 Ben Hutton               Brandon Montour                                   30     0   3  2  
 3 Michael Del Zotto        Jordie Benn                                       15     0   3  2  
 4 Brandon Montour          Alex Pietrangelo                                  15     0   2  3  

PowerPlay Forward 
   Center                   Left Wing                Right Wing               Time % Phy DF OF 
 1 Steven Stamkos           Taylor Hall              Kyle Palmieri            51     1   0  4  
 2 Brock Nelson             Reyley Smith             Mikael Granlund          49     1   0  4  

PowerPlay Defense
   Defense                  Defense                                           Time % Phy DF OF 
 1 Brandon Montour          Ben Hutton                                        55     0   1  4  
 2 Ron Hainsey              Jordie Benn                                       45     0   1  4  

Penalty Kill 4 Players Forward 
   Center                   Wing                     Time % Phy DF OF 
 1 Derek Stepan             Reyley Smith             60     0   4  1  
 2 Pierre-Edouard Bellemare Mikael Granlund          40     0   4  1  

Penalty Kill 4 Players Defense
   Defense                  Defense                  Time % Phy DF OF 
 1 Ron Hainsey              Jordie Benn              55     0   4  1  
 2 Ben Hutton               Michael Del Zotto        45     0   4  1  

Penalty Kill - 3 Players Forward 
   Forward                                           Time % Phy DF OF 
 1 Derek Stepan                                      55     1   4  0  
 2 Pierre-Edouard Bellemare                          45     1   4  0  

Penalty Kill - 3 Players Defense
   Defense                  Defense                  Time % Phy DF OF 
 1 Jordie Benn              Alex Pietrangelo         55     1   4  0  
 2 Brandon Montour          Michael Del Zotto        45     1   4  0  

4 vs 4 Forward 
   Center                   Wing                     Time % Phy DF OF 
 1 Pierre-Edouard Bellemare Taylor Hall              55     0   3  2  
 2 Mikael Granlund          Reyley Smith             45     0   3  2  

4 vs 4 Defense
   Defense                  Defense                  Time % Phy DF OF 
 1 Brandon Montour          Jordie Benn              55     1   2  2  
 2 Ron Hainsey              Michael Del Zotto        45     1   2  2  

Last Minutes Offensive
   Center                   Left Wing                Right Wing               Defense                  Defense                  
   Steven Stamkos           Taylor Hall              Kyle Palmieri            Alex Pietrangelo         Jordie Benn              

Last Minutes Defensive
   Center                   Left Wing                Right Wing               Defense                  Defense                  
   Derek Stepan             Reyley Smith             Kyle Palmieri            Ron Hainsey              Michael Del Zotto        

Goaltenders
Starting : Jonathan Quick           
Backup : Brian Elliott            

Extra Forwards
Normal : Reyley Smith, J.T. Compher, Boris Katchouk - PP : J.T. Compher, Loui Eriksson - PK : J.T. Compher
Extra Defensemen
Normal : Brandon Montour, Ben Hutton, Ron Hainsey - PP : Brandon Montour - PK : Ben Hutton, Ron Hainsey
Penalty Shots
Steven Stamkos, Taylor Hall, Brock Nelson, Kyle Palmieri, Mikael Granlund
Custom OT Lines Forwards
Steven Stamkos, Taylor Hall, Brock Nelson, Kyle Palmieri, Reyley Smith, Derek Stepan, Mikael Granlund, J.T. Compher, Brad Richardson, Loui Eriksson
Custom OT Lines Defensemen
Alex Pietrangelo, Ben Hutton, Ron Hainsey, Jordie Benn, Brandon Montour

Scratches
Alexandre Texier (Left Ankle Injury)

UTAH ICE BEARS

5 vs 5 Forward 
   Center                   Left Wing                Right Wing               Time % Phy DF OF 
 1 Artem Anisimov           Nicholas Paul            Kyle Okposo              36     1   2  2  
 2 Alex Galchenyuk          Andrew Mangiapane        Zachary Sanford          31     1   2  2  
 3 Blake Lizotte            Valentin Zykov           Robert Lantosi           23     1   2  2  
 4 Ross Colton              Nathan Walker            Artem Anisimov           10     1   2  2  

5 vs 5 Defense 
   Defense                  Defense                                           Time % Phy DF OF 
 1 Alexander Edler          T.J. Brodie                                       36     1   2  2  
 2 MacKenzie Weegar         Erik Gudbranson                                   31     1   2  2  
 3 Radim Simek              Troy Stecher                                      23     1   2  2  
 4 Alexander Edler          T.J. Brodie                                       10     1   2  2  

PowerPlay Forward 
   Center                   Left Wing                Right Wing               Time % Phy DF OF 
 1 Artem Anisimov           Nicholas Paul            Kyle Okposo              55     1   2  2  
 2 Alex Galchenyuk          Andrew Mangiapane        Zachary Sanford          45     1   2  2  

PowerPlay Defense
   Defense                  Defense                                           Time % Phy DF OF 
 1 Alexander Edler          T.J. Brodie                                       55     1   2  2  
 2 MacKenzie Weegar         Erik Gudbranson                                   45     1   2  2  

Penalty Kill 4 Players Forward 
   Center                   Wing                     Time % Phy DF OF 
 1 Artem Anisimov           Nicholas Paul            55     1   2  2  
 2 Kyle Okposo              Andrew Mangiapane        45     1   2  2  

Penalty Kill 4 Players Defense
   Defense                  Defense                  Time % Phy DF OF 
 1 Alexander Edler          T.J. Brodie              55     1   2  2  
 2 MacKenzie Weegar         Erik Gudbranson          45     1   2  2  

Penalty Kill - 3 Players Forward 
   Forward                                           Time % Phy DF OF 
 1 Artem Anisimov                                    55     1   2  2  
 2 Nicholas Paul                                     45     1   2  2  

Penalty Kill - 3 Players Defense
   Defense                  Defense                  Time % Phy DF OF 
 1 Alexander Edler          T.J. Brodie              55     1   2  2  
 2 MacKenzie Weegar         Erik Gudbranson          45     1   2  2  

4 vs 4 Forward 
   Center                   Wing                     Time % Phy DF OF 
 1 Artem Anisimov           Nicholas Paul            55     1   2  2  
 2 Kyle Okposo              Andrew Mangiapane        45     1   2  2  

4 vs 4 Defense
   Defense                  Defense                  Time % Phy DF OF 
 1 Alexander Edler          T.J. Brodie              55     1   2  2  
 2 MacKenzie Weegar         Erik Gudbranson          45     1   2  2  

Last Minutes Offensive
   Center                   Left Wing                Right Wing               Defense                  Defense                  
   Artem Anisimov           Nicholas Paul            Kyle Okposo              Alexander Edler          T.J. Brodie              

Last Minutes Defensive
   Center                   Left Wing                Right Wing               Defense                  Defense                  
   Artem Anisimov           Nicholas Paul            Kyle Okposo              Alexander Edler          T.J. Brodie              

Goaltenders
Starting : Thatcher Demko           
Backup : Devan Dubnyk             

Extra Forwards
Normal : Jakub Lauko, Blake Lizotte, Ross Colton - PP : Jakub Lauko, Blake Lizotte - PK : Ross Colton
Extra Defensemen
Normal : Radim Simek, Troy Stecher, MacKenzie Weegar - PP : Radim Simek - PK : Troy Stecher, MacKenzie Weegar
Penalty Shots
Artem Anisimov, Nicholas Paul, Kyle Okposo, Andrew Mangiapane, Zachary Sanford
Custom OT Lines Forwards
Artem Anisimov, Nicholas Paul, Kyle Okposo, Andrew Mangiapane, Zachary Sanford, Alex Galchenyuk, Blake Lizotte, Ross Colton, Valentin Zykov, Robert Lantosi
Custom OT Lines Defensemen
Alexander Edler, T.J. Brodie, MacKenzie Weegar, Erik Gudbranson, Radim Simek

Scratches
Vladimir Sobotka (Strained Left Knee Injury)

% Time on Ice - LONG BEACH BARACUDAS

Lines # - Real PCT - Wanted PCT - Time Play
Normal Forward
1 - 34% - 37% - 16:34
2 - 31% - 33% - 15:05
3 - 17% - 20% - 8:26
4 - 17% - 10% - 8:17
Normal Defense
1 - 37% - 40% - 18:03
2 - 26% - 30% - 12:32
3 - 26% - 15% - 12:26
4 - 11% - 15% - 5:21
PP Forward
1 - 49% - 51% - 5:12
2 - 51% - 49% - 5:29
PP Defense
1 - 55% - 55% - 5:54
2 - 45% - 45% - 4:47
PK Forward
1 - 100% - 60% - 0:57
2 - 0% - 40% - 0:00
PK Defense
1 - 32% - 55% - 0:18
2 - 68% - 45% - 0:39
PK3 Forward
1 - 0% - 55%
2 - 0% - 45%
PK3 Defense
1 - 0% - 55%
2 - 0% - 45%
44 Forward
1 - 0% - 55%
2 - 0% - 45%
44 Defense
1 - 0% - 55%
2 - 0% - 45%
Last Minute Offensive  - 0:00
Last Minute Defensive  - 0:00
Total
Forward - 60:00
Defense - 60:00

% Time on Ice - UTAH ICE BEARS

Lines # - Real PCT - Wanted PCT - Time Play
Normal Forward
1 - 29% - 36% - 14:16
2 - 30% - 31% - 14:44
3 - 31% - 23% - 15:00
4 - 9% - 10% - 4:22
Normal Defense
1 - 35% - 36% - 17:03
2 - 32% - 31% - 15:30
3 - 26% - 23% - 12:46
4 - 6% - 10% - 3:03
PP Forward
1 - 82% - 55% - 0:47
2 - 18% - 45% - 0:10
PP Defense
1 - 100% - 55% - 0:57
2 - 0% - 45% - 0:00
PK Forward
1 - 67% - 55% - 6:19
2 - 33% - 45% - 3:09
PK Defense
1 - 54% - 55% - 5:05
2 - 46% - 45% - 4:23
PK3 Forward
1 - 70% - 55% - 0:51
2 - 30% - 45% - 0:22
PK3 Defense
1 - 100% - 55% - 1:13
2 - 0% - 45% - 0:00
44 Forward
1 - 0% - 55%
2 - 0% - 45%
44 Defense
1 - 0% - 55%
2 - 0% - 45%
Last Minute Offensive  - 0:00
Last Minute Defensive  - 0:00
Total
Forward - 60:00
Defense - 60:00

Play-by-Play

1st period


0:01 of 1st period - Brock Nelson wins face-off versus Artem Anisimov in neutral zone.
0:04 of 1st period - Shot by Kyle Palmieri.
0:04 of 1st period - Shot Misses the Net.
0:06 of 1st period - Shot by Kyle Palmieri.
0:06 of 1st period - Shot Misses the Net.
0:13 of 1st period - Brock Nelson is hit by Alexander Edler and loses puck.
0:43 of 1st period - Shot by Taylor Hall.
0:43 of 1st period - Deflect By Kyle Palmieri.
0:43 of 1st period - Stopped by Thatcher Demko with a rebound.
0:45 of 1st period - Shot by Brock Nelson.
0:45 of 1st period - Stopped by Thatcher Demko with a rebound.
1:11 of 1st period - Shot by Derek Stepan.
1:11 of 1st period - Stopped by Thatcher Demko without a rebound.
1:12 of 1st period - Pierre-Edouard Bellemare wins face-off versus Blake Lizotte in UTAH ICE BEARS zone.
1:23 of 1st period - Shot by Radim Simek.
1:23 of 1st period - Deflect By Blake Lizotte.
1:23 of 1st period - Shot Misses the Net.
1:30 of 1st period - Icing by Jordie Benn.
1:31 of 1st period - Pierre-Edouard Bellemare wins face-off versus Alex Galchenyuk in LONG BEACH BARACUDAS zone.
1:31 of 1st period - J.T. Compher is hit by Alex Galchenyuk and loses puck.
1:51 of 1st period - J.T. Compher is hit by Erik Gudbranson and loses puck.
1:57 of 1st period - Icing by MacKenzie Weegar.
1:58 of 1st period - Derek Stepan wins face-off versus Alex Galchenyuk in UTAH ICE BEARS zone.
2:05 of 1st period - Shot by Reyley Smith.
2:05 of 1st period - Stopped by Thatcher Demko without a rebound.
2:06 of 1st period - Blake Lizotte wins face-off versus Derek Stepan in UTAH ICE BEARS zone.
2:19 of 1st period - Shot by Blake Lizotte.
2:19 of 1st period - Stopped by Jonathan Quick with a rebound.
2:21 of 1st period - Shot by Blake Lizotte.
2:21 of 1st period - Stopped by Jonathan Quick without a rebound.
2:22 of 1st period - Ross Colton wins face-off versus Brad Richardson in LONG BEACH BARACUDAS zone.
2:23 of 1st period - Shot by Artem Anisimov.
2:23 of 1st period - Shot Misses the Net.
2:43 of 1st period - Shot by Ross Colton.
2:43 of 1st period - Shot Misses the Net.
2:47 of 1st period - Shot by Artem Anisimov.
2:47 of 1st period - Shot Blocked by Ron Hainsey.
2:49 of 1st period - Shot by Troy Stecher.
2:49 of 1st period - Shot Misses the Net.
2:51 of 1st period - Shot by Radim Simek.
2:51 of 1st period - Shot Blocked by Alex Pietrangelo.
2:53 of 1st period - Shot by Radim Simek.
2:53 of 1st period - Shot Misses the Net.
3:34 of 1st period - MacKenzie Weegar is hit by Reyley Smith and loses puck.
3:42 of 1st period - Steven Stamkos is hit by Erik Gudbranson and loses puck.
4:01 of 1st period - Shot by Steven Stamkos.
4:01 of 1st period - Stopped by Thatcher Demko with a rebound.
4:03 of 1st period - Shot by Ben Hutton.
4:03 of 1st period - Shot Misses the Net.
4:05 of 1st period - Shot by Reyley Smith.
4:05 of 1st period - Stopped by Thatcher Demko with a rebound.
4:19 of 1st period - Off-side.
4:20 of 1st period - Brock Nelson wins face-off versus Blake Lizotte in neutral zone.
4:41 of 1st period - Shot by Blake Lizotte.
4:41 of 1st period - Stopped by Jonathan Quick without a rebound.
4:42 of 1st period - Pierre-Edouard Bellemare wins face-off versus Artem Anisimov in LONG BEACH BARACUDAS zone.
4:42 of 1st period - Pierre-Edouard Bellemare is hit by Nicholas Paul.
4:51 of 1st period - Icing by T.J. Brodie.
4:52 of 1st period - Artem Anisimov wins face-off versus Brock Nelson in UTAH ICE BEARS zone.
6:25 of 1st period - Shot by Derek Stepan.
6:25 of 1st period - Shot Blocked by MacKenzie Weegar.
6:27 of 1st period - Shot by Derek Stepan.
6:27 of 1st period - Stopped by Thatcher Demko without a rebound.
6:28 of 1st period - Alex Galchenyuk wins face-off versus Pierre-Edouard Bellemare in UTAH ICE BEARS zone.
6:30 of 1st period - Icing by Zachary Sanford.
6:31 of 1st period - Alex Galchenyuk wins face-off versus Mikael Granlund in UTAH ICE BEARS zone.
6:36 of 1st period - Shot by Andrew Mangiapane.
6:36 of 1st period - Shot Misses the Net.
6:48 of 1st period - Shot by J.T. Compher.
6:48 of 1st period - Stopped by Thatcher Demko with a rebound.
7:45 of 1st period - Shot by Taylor Hall.
7:45 of 1st period - Shot Misses the Net.
8:25 of 1st period - Shot by Steven Stamkos.
8:25 of 1st period - Deflect By Reyley Smith.
8:25 of 1st period - Stopped by Thatcher Demko with a rebound.
8:45 of 1st period - Shot by Steven Stamkos.
8:45 of 1st period - Stopped by Thatcher Demko with a rebound.
8:49 of 1st period - Shot by Steven Stamkos.
8:49 of 1st period - Shot Misses the Net.
8:51 of 1st period - Shot by Derek Stepan.
8:51 of 1st period - Stopped by Thatcher Demko without a rebound.
8:52 of 1st period - Alex Galchenyuk wins face-off versus Brad Richardson in UTAH ICE BEARS zone.
8:52 of 1st period - Alex Galchenyuk is hit by Boris Katchouk.
9:11 of 1st period - Icing by T.J. Brodie.
9:12 of 1st period - Alex Galchenyuk wins face-off versus Mikael Granlund in UTAH ICE BEARS zone.
9:12 of 1st period - Alex Galchenyuk is hit by Pierre-Edouard Bellemare.
9:19 of 1st period - Icing by T.J. Brodie.
9:20 of 1st period - Alex Galchenyuk wins face-off versus Brock Nelson in UTAH ICE BEARS zone.
9:20 of 1st period - Alex Galchenyuk is hit by Kyle Palmieri.
9:23 of 1st period - Icing by Andrew Mangiapane.
9:24 of 1st period - Brock Nelson wins face-off versus Alex Galchenyuk in UTAH ICE BEARS zone.
9:36 of 1st period - Icing by Taylor Hall.
9:37 of 1st period - Brock Nelson wins face-off versus Artem Anisimov in LONG BEACH BARACUDAS zone.
10:05 of 1st period - Shot by Kyle Palmieri.
10:05 of 1st period - Shot Misses the Net.
10:48 of 1st period - Shot by Andrew Mangiapane.
10:48 of 1st period - Shot Misses the Net.
10:50 of 1st period - Shot by Alexander Edler.
10:50 of 1st period - Deflect By Zachary Sanford.
10:50 of 1st period - Stopped by Jonathan Quick with a rebound.
10:52 of 1st period - Shot by Zachary Sanford.
10:52 of 1st period - Shot Misses the Net.
10:54 of 1st period - Shot by Alexander Edler.
10:54 of 1st period - Shot Blocked by Michael Del Zotto.
11:51 of 1st period - Mikael Granlund is hit by MacKenzie Weegar and loses puck.
12:05 of 1st period - Shot by Pierre-Edouard Bellemare.
12:05 of 1st period - Shot Misses the Net.
12:46 of 1st period - Shot by Artem Anisimov.
12:46 of 1st period - Shot Misses the Net.
12:48 of 1st period - Shot by Artem Anisimov.
12:48 of 1st period - Goal by Artem Anisimov - LONG BEACH BARACUDAS : 0 - UTAH ICE BEARS : 1.
12:49 of 1st period - Brad Richardson wins face-off versus Artem Anisimov in neutral zone.
12:57 of 1st period - Minor Penalty to Boris Katchouk for Hooking.
12:58 of 1st period - Alex Galchenyuk wins face-off versus Derek Stepan in LONG BEACH BARACUDAS zone.
13:07 of 1st period - Shot by Andrew Mangiapane.
13:07 of 1st period - Stopped by Jonathan Quick without a rebound.
13:08 of 1st period - Artem Anisimov wins face-off versus Derek Stepan in LONG BEACH BARACUDAS zone.
13:13 of 1st period - Shot by Alexander Edler.
13:13 of 1st period - Stopped by Jonathan Quick without a rebound.
13:14 of 1st period - Derek Stepan wins face-off versus Artem Anisimov in LONG BEACH BARACUDAS zone.
13:14 of 1st period - Derek Stepan is hit by Nicholas Paul.
13:26 of 1st period - Icing by Alexander Edler.
13:27 of 1st period - Artem Anisimov wins face-off versus Derek Stepan in UTAH ICE BEARS zone.
13:50 of 1st period - Shot by Alexander Edler.
13:50 of 1st period - Stopped by Jonathan Quick with a rebound.
13:52 of 1st period - Shot by T.J. Brodie.
13:52 of 1st period - Shot Misses the Net.
13:54 of 1st period - Shot by T.J. Brodie.
13:54 of 1st period - Goal by T.J. Brodie - LONG BEACH BARACUDAS : 0 - UTAH ICE BEARS : 2.
13:55 of 1st period - Brock Nelson wins face-off versus Alex Galchenyuk in neutral zone.
13:58 of 1st period - Shot by Kyle Palmieri.
13:58 of 1st period - Goal by Kyle Palmieri - LONG BEACH BARACUDAS : 1 - UTAH ICE BEARS : 2.
13:59 of 1st period - Brock Nelson wins face-off versus Alex Galchenyuk in neutral zone.
14:02 of 1st period - Shot by Kyle Palmieri.
14:02 of 1st period - Stopped by Thatcher Demko without a rebound.
14:03 of 1st period - Derek Stepan wins face-off versus Alex Galchenyuk in UTAH ICE BEARS zone.
14:30 of 1st period - Shot by Alex Galchenyuk.
14:30 of 1st period - Stopped by Jonathan Quick without a rebound.
14:31 of 1st period - Artem Anisimov wins face-off versus Brock Nelson in LONG BEACH BARACUDAS zone.
14:48 of 1st period - Shot by Kyle Palmieri.
14:48 of 1st period - Deflect By Taylor Hall.
14:48 of 1st period - Stopped by Thatcher Demko without a rebound.
14:49 of 1st period - Blake Lizotte wins face-off versus Reyley Smith in UTAH ICE BEARS zone.
14:49 of 1st period - Alexander Edler is hit by Steven Stamkos and loses puck.
16:32 of 1st period - Icing by Ben Hutton.
16:33 of 1st period - Brock Nelson wins face-off versus Alex Galchenyuk in LONG BEACH BARACUDAS zone.
17:01 of 1st period - Off-side.
17:02 of 1st period - Brad Richardson wins face-off versus Blake Lizotte in neutral zone.
17:58 of 1st period - Shot by Artem Anisimov.
17:58 of 1st period - Deflect By Ross Colton.
17:58 of 1st period - Shot Misses the Net.
18:00 of 1st period - Shot by MacKenzie Weegar.
18:00 of 1st period - Shot Blocked by Ron Hainsey.
18:04 of 1st period - Shot by Artem Anisimov.
18:04 of 1st period - Stopped by Jonathan Quick without a rebound.
18:05 of 1st period - Pierre-Edouard Bellemare wins face-off versus Alex Galchenyuk in LONG BEACH BARACUDAS zone.
18:05 of 1st period - Mikael Granlund is hit by Alex Galchenyuk and loses puck.
18:15 of 1st period - Pierre-Edouard Bellemare is hit by Zachary Sanford and loses puck.
18:33 of 1st period - Minor Penalty to Radim Simek for Tripping.
18:34 of 1st period - Steven Stamkos wins face-off versus Artem Anisimov in UTAH ICE BEARS zone.
18:39 of 1st period - Shot by Steven Stamkos.
18:39 of 1st period - Stopped by Thatcher Demko without a rebound.
18:40 of 1st period - Artem Anisimov wins face-off versus Steven Stamkos in UTAH ICE BEARS zone.
19:27 of 1st period - Shot by Andrew Mangiapane.
19:27 of 1st period - Shot Misses the Net.
19:53 of 1st period - Shot by Brock Nelson.
19:53 of 1st period - Stopped by Thatcher Demko without a rebound.
19:54 of 1st period - Artem Anisimov wins face-off versus Brock Nelson in UTAH ICE BEARS zone.
Goals for this period are 1 for LONG BEACH BARACUDAS vs 2 for UTAH ICE BEARS.
Shots for this period are 16 for LONG BEACH BARACUDAS vs 11 for UTAH ICE BEARS.

2nd period


0:01 of 2nd period - Artem Anisimov wins face-off versus Brock Nelson in neutral zone.
0:19 of 2nd period - Shot by Nicholas Paul.
0:19 of 2nd period - Deflect By Artem Anisimov.
0:19 of 2nd period - Stopped by Jonathan Quick without a rebound.
0:20 of 2nd period - Steven Stamkos wins face-off versus Artem Anisimov in LONG BEACH BARACUDAS zone.
0:45 of 2nd period - Troy Stecher is hit by Boris Katchouk and loses puck.
1:01 of 2nd period - Loui Eriksson is hit by Radim Simek and loses puck.
1:13 of 2nd period - Loui Eriksson is hit by Blake Lizotte and loses puck.
2:35 of 2nd period - Shot by Reyley Smith.
2:35 of 2nd period - Shot Misses the Net.
2:37 of 2nd period - Shot by Alex Pietrangelo.
2:37 of 2nd period - Stopped by Thatcher Demko without a rebound.
2:38 of 2nd period - Pierre-Edouard Bellemare wins face-off versus Alex Galchenyuk in UTAH ICE BEARS zone.
2:43 of 2nd period - Shot by Mikael Granlund.
2:43 of 2nd period - Deflect By J.T. Compher.
2:43 of 2nd period - Stopped by Thatcher Demko without a rebound.
2:44 of 2nd period - Derek Stepan wins face-off versus Alex Galchenyuk in UTAH ICE BEARS zone.
3:27 of 2nd period - Shot by Derek Stepan.
3:27 of 2nd period - Shot Blocked by Erik Gudbranson.
6:10 of 2nd period - Minor Penalty to Zachary Sanford for Hooking.
6:11 of 2nd period - Steven Stamkos wins face-off versus Andrew Mangiapane in UTAH ICE BEARS zone.
6:26 of 2nd period - Shot by Steven Stamkos.
6:26 of 2nd period - Shot Blocked by MacKenzie Weegar.
6:55 of 2nd period - Brock Nelson is hit by Alexander Edler.
6:56 of 2nd period - Minor Penalty to Alexander Edler for Goalie Interference.
6:57 of 2nd period - Artem Anisimov wins face-off versus Brock Nelson in UTAH ICE BEARS zone.
7:42 of 2nd period - Shot by Steven Stamkos.
7:42 of 2nd period - Stopped by Thatcher Demko without a rebound.
7:43 of 2nd period - Steven Stamkos wins face-off versus Ross Colton in UTAH ICE BEARS zone.
7:48 of 2nd period - Taylor Hall is hit by Erik Gudbranson and loses puck.
9:37 of 2nd period - Icing by Brandon Montour.
9:38 of 2nd period - Brad Richardson wins face-off versus Andrew Mangiapane in LONG BEACH BARACUDAS zone.
9:45 of 2nd period - Shot by Alex Galchenyuk.
9:45 of 2nd period - Shot Blocked by Brandon Montour.
9:51 of 2nd period - Shot by Andrew Mangiapane.
9:51 of 2nd period - Deflect By Zachary Sanford.
9:51 of 2nd period - Shot Misses the Net.
10:11 of 2nd period - Shot by Andrew Mangiapane.
10:11 of 2nd period - Shot Misses the Net.
10:33 of 2nd period - Brandon Montour is hit by Nicholas Paul and loses puck.
10:55 of 2nd period - Shot by Artem Anisimov.
10:55 of 2nd period - Shot Misses the Net.
11:23 of 2nd period - Shot by Blake Lizotte.
11:23 of 2nd period - Shot Misses the Net.
11:25 of 2nd period - Shot by Radim Simek.
11:25 of 2nd period - Shot Blocked by Kyle Palmieri.
11:27 of 2nd period - Shot by Troy Stecher.
11:27 of 2nd period - Stopped by Jonathan Quick with a rebound.
11:29 of 2nd period - Shot by Troy Stecher.
11:29 of 2nd period - Stopped by Jonathan Quick without a rebound.
11:30 of 2nd period - Alex Galchenyuk wins face-off versus Derek Stepan in LONG BEACH BARACUDAS zone.
11:30 of 2nd period - Zachary Sanford is hit by Michael Del Zotto and loses puck.
11:37 of 2nd period - Shot by Andrew Mangiapane.
11:37 of 2nd period - Stopped by Jonathan Quick without a rebound.
11:38 of 2nd period - Brock Nelson wins face-off versus Ross Colton in LONG BEACH BARACUDAS zone.
12:13 of 2nd period - Shot by Taylor Hall.
12:13 of 2nd period - Shot Misses the Net.
12:47 of 2nd period - Shot by Steven Stamkos.
12:47 of 2nd period - Shot Misses the Net.
13:03 of 2nd period - Shot by Andrew Mangiapane.
13:03 of 2nd period - Shot Blocked by Ron Hainsey.
13:16 of 2nd period - Icing by Ron Hainsey.
13:17 of 2nd period - Derek Stepan wins face-off versus Blake Lizotte in LONG BEACH BARACUDAS zone.
13:17 of 2nd period - Derek Stepan is hit by Valentin Zykov.
13:59 of 2nd period - Shot by J.T. Compher.
13:59 of 2nd period - Shot Misses the Net.
14:19 of 2nd period - Shot by Taylor Hall.
14:19 of 2nd period - Stopped by Thatcher Demko with a rebound.
14:31 of 2nd period - Shot by Artem Anisimov.
14:31 of 2nd period - Shot Misses the Net.
14:50 of 2nd period - Shot by Alexander Edler.
14:50 of 2nd period - Stopped by Jonathan Quick without a rebound.
14:51 of 2nd period - Alex Galchenyuk wins face-off versus Derek Stepan in LONG BEACH BARACUDAS zone.
14:58 of 2nd period - Shot by Zachary Sanford.
14:58 of 2nd period - Shot Misses the Net.
15:10 of 2nd period - Shot by Reyley Smith.
15:10 of 2nd period - Shot Misses the Net.
15:14 of 2nd period - Shot by Derek Stepan.
15:14 of 2nd period - Stopped by Thatcher Demko without a rebound.
15:15 of 2nd period - Pierre-Edouard Bellemare wins face-off versus Ross Colton in UTAH ICE BEARS zone.
15:42 of 2nd period - Off-side.
15:43 of 2nd period - Alex Galchenyuk wins face-off versus Brock Nelson in neutral zone.
15:46 of 2nd period - Taylor Hall is hit by Zachary Sanford and loses puck.
16:02 of 2nd period - Taylor Hall is hit by MacKenzie Weegar and loses puck.
16:19 of 2nd period - Icing by MacKenzie Weegar.
16:20 of 2nd period - Derek Stepan wins face-off versus Alex Galchenyuk in UTAH ICE BEARS zone.
16:50 of 2nd period - Shot by Derek Stepan.
16:50 of 2nd period - Stopped by Thatcher Demko without a rebound.
16:51 of 2nd period - Artem Anisimov wins face-off versus Pierre-Edouard Bellemare in UTAH ICE BEARS zone.
16:58 of 2nd period - Shot by Nicholas Paul.
16:58 of 2nd period - Shot Blocked by Michael Del Zotto.
17:16 of 2nd period - Shot by Mikael Granlund.
17:16 of 2nd period - Shot Blocked by Alexander Edler.
17:49 of 2nd period - Icing by T.J. Brodie.
17:50 of 2nd period - Derek Stepan wins face-off versus Artem Anisimov in UTAH ICE BEARS zone.
17:50 of 2nd period - Minor Penalty to T.J. Brodie for High sticking.
17:51 of 2nd period - Ross Colton wins face-off versus Steven Stamkos in UTAH ICE BEARS zone.
18:04 of 2nd period - Shot by Taylor Hall.
18:04 of 2nd period - Stopped by Thatcher Demko without a rebound.
18:05 of 2nd period - Kyle Okposo wins face-off versus Brock Nelson in UTAH ICE BEARS zone.
19:06 of 2nd period - Shot by Steven Stamkos.
19:06 of 2nd period - Stopped by Thatcher Demko with a rebound.
19:10 of 2nd period - Shot by Taylor Hall.
19:10 of 2nd period - Shot Misses the Net.
19:45 of 2nd period - Icing by Ron Hainsey.
19:46 of 2nd period - Steven Stamkos wins face-off versus Kyle Okposo in LONG BEACH BARACUDAS zone.
Goals for this period are 0 for LONG BEACH BARACUDAS vs 0 for UTAH ICE BEARS.
Shots for this period are 8 for LONG BEACH BARACUDAS vs 5 for UTAH ICE BEARS.

3rd period


0:01 of 3rd period - Artem Anisimov wins face-off versus Brock Nelson in neutral zone.
0:06 of 3rd period - Brock Nelson is hit by Nicholas Paul and loses puck.
0:33 of 3rd period - Shot by Artem Anisimov.
0:33 of 3rd period - Shot Misses the Net.
1:18 of 3rd period - Andrew Mangiapane is hit by Alex Pietrangelo and loses puck.
1:52 of 3rd period - Icing by Ron Hainsey.
1:53 of 3rd period - Blake Lizotte wins face-off versus Derek Stepan in LONG BEACH BARACUDAS zone.
2:53 of 3rd period - Artem Anisimov is hit by Michael Del Zotto and loses puck.
3:01 of 3rd period - T.J. Brodie is hit by Jordie Benn and loses puck.
3:10 of 3rd period - Jordie Benn is hit by Nicholas Paul and loses puck.
3:17 of 3rd period - Shot by Artem Anisimov.
3:17 of 3rd period - Stopped by Jonathan Quick without a rebound.
3:18 of 3rd period - Pierre-Edouard Bellemare wins face-off versus Ross Colton in LONG BEACH BARACUDAS zone.
3:25 of 3rd period - Shot by Mikael Granlund.
3:25 of 3rd period - Shot Blocked by Erik Gudbranson.
3:27 of 3rd period - Shot by Mikael Granlund.
3:27 of 3rd period - Shot Blocked by Artem Anisimov.
3:37 of 3rd period - Shot by Mikael Granlund.
3:37 of 3rd period - Stopped by Thatcher Demko without a rebound.
3:38 of 3rd period - Alex Galchenyuk wins face-off versus Brad Richardson in UTAH ICE BEARS zone.
3:49 of 3rd period - Shot by Zachary Sanford.
3:49 of 3rd period - Stopped by Jonathan Quick without a rebound.
3:50 of 3rd period - Blake Lizotte wins face-off versus Derek Stepan in LONG BEACH BARACUDAS zone.
3:56 of 3rd period - Icing by Ron Hainsey.
3:57 of 3rd period - Derek Stepan wins face-off versus Alex Galchenyuk in LONG BEACH BARACUDAS zone.
3:57 of 3rd period - Derek Stepan is hit by Alex Galchenyuk.
4:23 of 3rd period - T.J. Brodie is hit by Reyley Smith and loses puck.
5:09 of 3rd period - Nicholas Paul is hit by Ben Hutton and loses puck.
5:45 of 3rd period - Blake Lizotte is hit by Brandon Montour and loses puck.
6:59 of 3rd period - Icing by Jordie Benn.
7:00 of 3rd period - Alex Galchenyuk wins face-off versus Pierre-Edouard Bellemare in LONG BEACH BARACUDAS zone.
7:01 of 3rd period - Shot by Zachary Sanford.
7:01 of 3rd period - Stopped by Jonathan Quick without a rebound.
7:02 of 3rd period - Alex Galchenyuk wins face-off versus Derek Stepan in LONG BEACH BARACUDAS zone.
7:37 of 3rd period - Shot by Steven Stamkos.
7:37 of 3rd period - Deflect By Reyley Smith.
7:37 of 3rd period - Goal by Reyley Smith - LONG BEACH BARACUDAS : 2 - UTAH ICE BEARS : 2.
7:38 of 3rd period - Pierre-Edouard Bellemare wins face-off versus Blake Lizotte in neutral zone.
8:58 of 3rd period - Shot by Kyle Palmieri.
8:58 of 3rd period - Stopped by Thatcher Demko with a rebound.
9:00 of 3rd period - Shot by Kyle Palmieri.
9:00 of 3rd period - Shot Blocked by MacKenzie Weegar.
9:06 of 3rd period - Shot by Kyle Palmieri.
9:06 of 3rd period - Shot Misses the Net.
9:13 of 3rd period - Icing by MacKenzie Weegar.
9:14 of 3rd period - Derek Stepan wins face-off versus Artem Anisimov in UTAH ICE BEARS zone.
9:37 of 3rd period - Shot by Steven Stamkos.
9:37 of 3rd period - Shot Misses the Net.
9:39 of 3rd period - Shot by Reyley Smith.
9:39 of 3rd period - Stopped by Thatcher Demko without a rebound.
9:40 of 3rd period - Brock Nelson wins face-off versus Alex Galchenyuk in UTAH ICE BEARS zone.
9:40 of 3rd period - Taylor Hall is hit by Radim Simek and loses puck.
10:02 of 3rd period - Shot by Andrew Mangiapane.
10:02 of 3rd period - Stopped by Jonathan Quick without a rebound.
10:03 of 3rd period - Steven Stamkos wins face-off versus Blake Lizotte in LONG BEACH BARACUDAS zone.
10:03 of 3rd period - Steven Stamkos is hit by Blake Lizotte.
10:15 of 3rd period - Shot by Steven Stamkos.
10:15 of 3rd period - Stopped by Thatcher Demko without a rebound.
10:16 of 3rd period - Brock Nelson wins face-off versus Andrew Mangiapane in UTAH ICE BEARS zone.
10:40 of 3rd period - Shot by Andrew Mangiapane.
10:40 of 3rd period - Deflect By Alex Galchenyuk.
10:40 of 3rd period - Stopped by Jonathan Quick without a rebound.
10:41 of 3rd period - Nicholas Paul wins face-off versus Steven Stamkos in LONG BEACH BARACUDAS zone.
11:04 of 3rd period - Minor Penalty to Nicholas Paul for Tripping.
11:05 of 3rd period - Brock Nelson wins face-off versus Artem Anisimov in UTAH ICE BEARS zone.
11:39 of 3rd period - Shot by Reyley Smith.
11:39 of 3rd period - Stopped by Thatcher Demko without a rebound.
11:40 of 3rd period - Kyle Okposo wins face-off versus Steven Stamkos in UTAH ICE BEARS zone.
12:08 of 3rd period - Steven Stamkos is hit by MacKenzie Weegar.
12:38 of 3rd period - Alexander Edler is hit by Brock Nelson.
12:54 of 3rd period - Shot by Reyley Smith.
12:54 of 3rd period - Deflect By Mikael Granlund.
12:54 of 3rd period - Shot Misses the Net.
12:56 of 3rd period - Shot by Ron Hainsey.
12:56 of 3rd period - Shot Misses the Net.
13:06 of 3rd period - Shot by Alex Pietrangelo.
13:06 of 3rd period - Stopped by Thatcher Demko without a rebound.
13:07 of 3rd period - Blake Lizotte wins face-off versus Brad Richardson in UTAH ICE BEARS zone.
13:07 of 3rd period - Blake Lizotte is hit by Boris Katchouk.
13:27 of 3rd period - Shot by Alex Pietrangelo.
13:27 of 3rd period - Shot Misses the Net.
14:19 of 3rd period - Shot by T.J. Brodie.
14:19 of 3rd period - Stopped by Jonathan Quick without a rebound.
14:20 of 3rd period - Artem Anisimov wins face-off versus Brock Nelson in LONG BEACH BARACUDAS zone.
14:37 of 3rd period - Shot by Kyle Okposo.
14:37 of 3rd period - Stopped by Jonathan Quick without a rebound.
14:38 of 3rd period - Artem Anisimov wins face-off versus Derek Stepan in LONG BEACH BARACUDAS zone.
14:42 of 3rd period - Icing by Michael Del Zotto.
14:43 of 3rd period - Derek Stepan wins face-off versus Blake Lizotte in LONG BEACH BARACUDAS zone.
15:04 of 3rd period - Shot by Valentin Zykov.
15:04 of 3rd period - Stopped by Jonathan Quick without a rebound.
15:05 of 3rd period - Artem Anisimov wins face-off versus Kyle Palmieri in LONG BEACH BARACUDAS zone.
15:22 of 3rd period - Icing by Artem Anisimov.
15:23 of 3rd period - Derek Stepan wins face-off versus Artem Anisimov in UTAH ICE BEARS zone.
15:23 of 3rd period - Derek Stepan is hit by Erik Gudbranson.
15:24 of 3rd period - Minor Penalty to MacKenzie Weegar for Holding.
15:25 of 3rd period - Artem Anisimov wins face-off versus Steven Stamkos in UTAH ICE BEARS zone.
15:39 of 3rd period - Shot by Ben Hutton.
15:39 of 3rd period - Stopped by Thatcher Demko without a rebound.
15:40 of 3rd period - Artem Anisimov wins face-off versus Brock Nelson in UTAH ICE BEARS zone.
16:09 of 3rd period - Shot by Reyley Smith.
16:09 of 3rd period - Stopped by Thatcher Demko with a rebound.
16:11 of 3rd period - Shot by Ron Hainsey.
16:11 of 3rd period - Stopped by Thatcher Demko without a rebound.
16:12 of 3rd period - Kyle Okposo wins face-off versus Steven Stamkos in UTAH ICE BEARS zone.
16:25 of 3rd period - Shot by Kyle Palmieri.
16:25 of 3rd period - Stopped by Thatcher Demko without a rebound.
16:26 of 3rd period - Mikael Granlund wins face-off versus Artem Anisimov in UTAH ICE BEARS zone.
17:21 of 3rd period - Shot by Kyle Palmieri.
17:21 of 3rd period - Stopped by Thatcher Demko without a rebound.
17:22 of 3rd period - Steven Stamkos wins face-off versus Kyle Okposo in UTAH ICE BEARS zone.
18:20 of 3rd period - Icing by Kyle Palmieri.
18:21 of 3rd period - Brock Nelson wins face-off versus Blake Lizotte in LONG BEACH BARACUDAS zone.
18:32 of 3rd period - Shot by Kyle Palmieri.
18:32 of 3rd period - Stopped by Thatcher Demko without a rebound.
18:33 of 3rd period - Ross Colton wins face-off versus Derek Stepan in UTAH ICE BEARS zone.
18:33 of 3rd period - Ross Colton is hit by Steven Stamkos.
18:39 of 3rd period - Derek Stepan is hit by Nathan Walker and loses puck.
18:47 of 3rd period - Off-side.
18:48 of 3rd period - Brock Nelson wins face-off versus Robert Lantosi in neutral zone.
19:09 of 3rd period - Shot by Brock Nelson.
19:09 of 3rd period - Stopped by Thatcher Demko without a rebound.
19:10 of 3rd period - Artem Anisimov wins face-off versus Derek Stepan in UTAH ICE BEARS zone.
Goals for this period are 1 for LONG BEACH BARACUDAS vs 0 for UTAH ICE BEARS.
Shots for this period are 14 for LONG BEACH BARACUDAS vs 8 for UTAH ICE BEARS.

Overtime #1


0:01 of 1st overtime period - Artem Anisimov wins face-off versus Brock Nelson in neutral zone.
1:02 of 1st overtime period - Shot by Kyle Okposo.
1:02 of 1st overtime period - Stopped by Jonathan Quick without a rebound.
1:03 of 1st overtime period - Kyle Okposo wins face-off versus Steven Stamkos in LONG BEACH BARACUDAS zone.
1:10 of 1st overtime period - Shot by Kyle Okposo.
1:10 of 1st overtime period - Stopped by Jonathan Quick without a rebound.
1:11 of 1st overtime period - Artem Anisimov wins face-off versus Brock Nelson in LONG BEACH BARACUDAS zone.
1:19 of 1st overtime period - Icing by Ben Hutton.
1:20 of 1st overtime period - Brock Nelson wins face-off versus Artem Anisimov in LONG BEACH BARACUDAS zone.
1:25 of 1st overtime period - Shot by Steven Stamkos.
1:25 of 1st overtime period - Stopped by Thatcher Demko without a rebound.
1:26 of 1st overtime period - Artem Anisimov wins face-off versus Steven Stamkos in UTAH ICE BEARS zone.
1:35 of 1st overtime period - Shot by Taylor Hall.
1:35 of 1st overtime period - Shot Misses the Net.
1:45 of 1st overtime period - Shot by Taylor Hall.
1:45 of 1st overtime period - Shot Blocked by Alexander Edler.
1:47 of 1st overtime period - Shot by Steven Stamkos.
1:47 of 1st overtime period - Stopped by Thatcher Demko without a rebound.
1:48 of 1st overtime period - Kyle Okposo wins face-off versus Steven Stamkos in UTAH ICE BEARS zone.
2:09 of 1st overtime period - Shot by Taylor Hall.
2:09 of 1st overtime period - Stopped by Thatcher Demko without a rebound.
2:10 of 1st overtime period - Artem Anisimov wins face-off versus Steven Stamkos in UTAH ICE BEARS zone.
2:25 of 1st overtime period - Shot by Taylor Hall.
2:25 of 1st overtime period - Shot Misses the Net.
2:27 of 1st overtime period - Shot by Steven Stamkos.
2:27 of 1st overtime period - Shot Blocked by Artem Anisimov.
3:05 of 1st overtime period - Shot by Andrew Mangiapane.
3:05 of 1st overtime period - Stopped by Jonathan Quick with a rebound.
3:07 of 1st overtime period - Shot by Kyle Okposo.
3:07 of 1st overtime period - Shot Misses the Net.
3:09 of 1st overtime period - Shot by Andrew Mangiapane.
3:09 of 1st overtime period - Shot Misses the Net.
3:29 of 1st overtime period - Shot by Brock Nelson.
3:29 of 1st overtime period - Shot Misses the Net.
3:38 of 1st overtime period - Off-side.
3:39 of 1st overtime period - Alex Galchenyuk wins face-off versus Derek Stepan in neutral zone.
3:52 of 1st overtime period - Shot by Alex Galchenyuk.
3:52 of 1st overtime period - Stopped by Jonathan Quick without a rebound.
3:53 of 1st overtime period - Kyle Okposo wins face-off versus Steven Stamkos in LONG BEACH BARACUDAS zone.
4:17 of 1st overtime period - Shot by Steven Stamkos.
4:17 of 1st overtime period - Stopped by Thatcher Demko without a rebound.
4:18 of 1st overtime period - Brock Nelson wins face-off versus Artem Anisimov in UTAH ICE BEARS zone.
4:45 of 1st overtime period - Shot by Brock Nelson.
4:45 of 1st overtime period - Stopped by Thatcher Demko with a rebound.
4:47 of 1st overtime period - Shot by Alex Pietrangelo.
4:47 of 1st overtime period - Stopped by Thatcher Demko with a rebound.
Goals for this period are 0 for LONG BEACH BARACUDAS vs 0 for UTAH ICE BEARS.
Shots for this period are 6 for LONG BEACH BARACUDAS vs 4 for UTAH ICE BEARS.

ShootOut


5:00 of 1st overtime period - Round #1.
5:00 of 1st overtime period - LONG BEACH BARACUDAS, Steven Stamkos.
5:00 of 1st overtime period - Stopped by Thatcher Demko.
5:00 of 1st overtime period - UTAH ICE BEARS, Artem Anisimov.
5:00 of 1st overtime period - Stopped by Jonathan Quick.
5:00 of 1st overtime period - Round #2.
5:00 of 1st overtime period - LONG BEACH BARACUDAS, Taylor Hall.
5:00 of 1st overtime period - Shot Misses the Net.
5:00 of 1st overtime period - UTAH ICE BEARS, Nicholas Paul.
5:00 of 1st overtime period - Stopped by Jonathan Quick.
5:00 of 1st overtime period - Round #3.
5:00 of 1st overtime period - LONG BEACH BARACUDAS, Brock Nelson.
5:00 of 1st overtime period - Goal by Brock Nelson.
5:00 of 1st overtime period - UTAH ICE BEARS, Kyle Okposo.
5:00 of 1st overtime period - Stopped by Jonathan Quick.


JOHNNY
GAUDREAU
MATTHEW
BOLDY
OWEN
TIPPETT

EAST COAST

HOCKEY LEAGUE

  • 29.PIT6MAN7
  • 30.ATL6NHW2
  • 31.WOR4PET3
  • 32.3RHI4
  • 33.CHIQUE
  • 34.LIMCHA
  • 35.LONTRV
  • 36.BALCHW